 Dungeon Crawl Stone Soup version 0.19.1 (webtiles) character file.

143 solomon12318 the Skirmisher (level 5, -1/48 HPs)
             Began as a Minotaur Fighter on Dec 23, 2016.
             Slain by Azzok's ghost (2 damage)
             ... on level 3 of the Dungeon.
             The game lasted 00:05:33 (1459 turns).

solomon12318 the Skirmisher (Minotaur Fighter)      Turns: 1459, Time: 00:05:34

Health: -1/48      AC:  8    Str: 25 (26) XL:     5   Next: 4%
Magic:  4/4        EV:  8    Int:  4 (5)  God:
Gold:   122        SH: 10    Dex:  9 (10) Spells: 0 memorised, 4 levels left

rFire  . . .     SeeInvis .     a - +0 long sword
rCold  . . .     Gourm    .     b - +0 scale mail
rNeg   . . .     Faith    .     c - +0 shield
rPois  .         Spirit   .     (helmet restricted)
rElec  .         Reflect  .     (no cloak)
rCorr  .         Harm     .     (no gloves)
MR     .....                    e - +0 pair of boots
Stlth  ..........               (no amulet)
                                (no ring)
                                (no ring)

@: mighty, lethally poisoned (-1 -> -32), very slightly contaminated, starving,
hasted, very quick
A: retaliatory headbutt, horns 2
a: no special abilities


You were on level 3 of the Dungeon.
You were starving.

You visited 1 branch of the dungeon, and saw 3 of its levels.

You collected 122 gold pieces.

Inventory:

Hand Weapons
 a - a +0 long sword (weapon)
Armour
 b - a +0 scale mail (worn)
 c - a +0 shield (worn)
 e - a +0 pair of boots (worn)
Jewellery
 m - an uncursed ring of stealth {unknown}
 o - an uncursed ring of see invisible {unknown}
Scrolls
 g - 2 scrolls of identify {unknown}
 k - a scroll of remove curse {unknown}
 n - a scroll of teleportation {unknown}
Comestibles
 f - a bread ration
 j - a beef jerky


   Skills:
 * Level 5.0 Fighting
 + Level 3.4 Long Blades
 + Level 4.7 Armour
 + Level 0.4 Dodging
 + Level 4.4 Shields


You had 4 spell levels left.
You didn't know any spells.

Dungeon Overview and Level Annotations

Branches:
Dungeon (3/15)

Altars:

Annotations:
D:3 Azzok's ghost, amateur GrEE


Innate Abilities, Weirdness & Mutations

You reflexively headbutt those who attack you in melee.
You have a pair of horns on your head.


Message History

Azzok's ghost completely misses you.
You hit Azzok's ghost.
Azzok's ghost is heavily damaged.
* * * LOW HITPOINT WARNING * * *
You feel very sick. Azzok's ghost barely misses you. You furiously retaliate!
You headbutt Azzok's ghost, but do no damage.
It was a potion of haste.
You feel yourself speed up.
* * * LOW HITPOINT WARNING * * *
You feel sick.
Azzok's ghost hits you but does no damage.
You are very lightly contaminated with residual magic.
It was a potion of degeneration.
There was something very wrong with that liquid.
You feel weakened.
You feel dopey.
You feel clumsy.
* * * LOW HITPOINT WARNING * * *
You feel sick.
Azzok's ghost whispers, "There is no future for you."
Azzok's ghost hits you.
You die...

.....#
#.#..#
#.#..##
......#
#.#...#
#$#...#
###r#...#
#@Wg..<.#
#.#.#.#.#
#...#...#
##..##..#
#..# ..#
...( ..#
........#
#######.#


You could see Azzok's ghost, a hobgoblin and a rat.

Vanquished Creatures
  4 gnolls (D:2)
  4 adders (D:2)
  3 oozes
  2 worms (D:2)
  A dart slug (D:1)
  7 giant cockroaches
  5 goblins
  3 hobgoblins
  3 jackals (D:2)
  A quokka (D:2)
  7 bats
  3 frilled lizards
  2 kobolds (D:2)
  5 rats
50 creatures vanquished.

Notes
Turn   | Place    | Note
-------+----------+-------------------------------------------
     0 | D:1      | solomon12318 the Minotaur Fighter began the quest for the Orb.
     0 | D:1      | Reached XP level 1. HP: 19/19 MP: 0/0
   174 | D:1      | Reached skill level 4 in Fighting
   174 | D:1      | Reached XP level 2. HP: 27/27 MP: 1/1
   634 | D:2      | Reached XP level 3. HP: 33/33 MP: 2/2
   870 | D:2      | Reached XP level 4. HP: 38/41 MP: 3/3
  1153 | D:2      | Reached skill level 5 in Fighting
  1199 | D:2      | Reached XP level 5. HP: 32/48 MP: 4/4
  1436 | D:3      | Noticed Azzok's ghost (amateur GrEE)
  1459 | D:3      | HP: 1/48 [poisoned by Azzok's ghost]
  1459 | D:3      | Slain by Azzok's ghost

Skill      XL: |  1  2  3  4 |
---------------+-------------+-----
Fighting       | 4 5 |  5.0
Armour         | 4 |  4.7
Shields        | 4 |  4.4
Long Blades    | 3 |  3.4
Dodging        | |  0.4

Action                   |  1- 3 |  4- 6 || total
-------------------------+-------+-------++-------
Melee: Long sword        |    87 |    64 ||   151
       Headbutt          |    16 |    10 ||    26
  Use: Potion            |       |     3 ||     3
Armor: Scale mail        |    39 |    17 ||    56
Dodge: Dodged            |    23 |    18 ||    41
Block: Shield            |    38 |    30 ||    68
       Rpst.: Long sword |     9 |     4 ||    13
